 Dungeon Crawl Stone Soup version 0.30.1-11-g7821555f0a (webtiles) character file.

Game seed: 15736832171815997076

116 SacredBeard the Grave Robber (level 4, -5/32 HPs)
             Began as a Demonspawn Necromancer on Nov 18, 2023.
             Killed from afar by Ijyb (10 damage)
             ... with a bolt of acid
             ... on level 3 of the Dungeon.
             The game lasted 00:07:55 (2417 turns).

SacredBeard the Grave Robber (DsNe)                 Turns: 2417, Time: 00:07:55

Health: -5/32      AC: 16    Str:  8    XL:     4   Next: 70%
Magic:  0/7        EV: 11    Int: 18    God:
Gold:   46         SH:  0    Dex: 14    Spells: 6/7 levels left

rFire   . . .        x - +1 dagger (protect)
rCold   . . .        (no shield)
rNeg    . . .        d - +0 leather armour
rPois   .            (no helmet)
rElec   .            (no cloak)
rCorr   .            (no gloves)
SInv    .            (no boots)
Will    +....        (no amulet)
Stlth   ++           r - ring of willpower
HPRegen 0.25/turn    s - +4 ring of protection
MPRegen 0.10/turn

%: no passive effects
@: under a protective aura
A: yellow scales 1, powered by death 1
a: no special abilities


You were on level 3 of the Dungeon.
You visited 1 branch of the dungeon, and saw 3 of its levels.

You collected 136 gold pieces.
You spent 90 gold pieces at shops.

Inventory:

Hand Weapons
 b - a +0 spear
 x - a +1 dagger of protection (weapon)
Missiles
 c - 24 stones
 f - 4 poisoned darts
 j - a throwing net
Armour
 d - a +0 leather armour (worn)
Jewellery
 i - a ring of protection from cold
 r - a ring of willpower (left hand)
 s - a +4 ring of protection (right hand)
Wands
 v - a wand of flame (18)
Scrolls
 e - a scroll of poison {unknown}
 k - 2 scrolls of identify {unknown}
 m - a scroll of blinking {unknown}
 n - a scroll of enchant armour {unknown}
 t - a scroll of fog {unknown}
 u - a scroll of brand weapon {unknown}
 y - a scroll of teleportation {unknown}
Potions
 a - 2 potions of mutation {unknown}
 g - a potion of ambrosia {unknown}
 h - 2 potions of degeneration {unknown}
 l - a potion of brilliance {unknown}
 o - a potion of attraction {unknown}
 p - a potion of cancellation {unknown}
 q - 3 potions of curing
 w - a potion of flight {unknown}


   Skills:
 + Level 1.5 Fighting
 + Level 0.0 Throwing
 + Level 1.5 Armour
 - Level 2.0 Dodging
 + Level 2.6 Stealth
 - Level 2.0 Spellcasting
 * Level 5.4 Necromancy
 + Level 0.1 Evocations


You had 6 spell levels left.
You knew the following spells:

 Your Spells              Type           Power      Damage    Failure   Level
a - Necrotise             Necr           84%        1d8       2%          1

Your spell library contained the following spells:

 Spells                   Type           Power      Damage    Failure   Level
 Vampiric Draining        Necr           21%        2d7       9%          3
 Animate Dead             Necr           21%        N/A       28%         4
 Inner Flame              Hex/Fire       1%         N/A       58%         3
 Agony                    Necr           21%        N/A       61%         5
 Yara's Violent Unravell  Hex/Tmut       0%         3d3       100%        5
 Enfeeble                 Hex            0%         N/A       100%        7


Dungeon Overview and Level Annotations

Branches:
Dungeon (3/15) Zot: 15583

Altars:

Shops:
D:1 ==(   D:2 [(!

Annotations:
D:3 Ijyb


Innate Abilities, Weirdness & Mutations

You are partially covered in yellow scales. (AC +2)
You regenerate a little health from kills.


Message History

You hit Ijyb but do no damage.
Ijyb is almost dead.
Ijyb hits you but does no damage.
Your magical contamination has completely faded away.
You closely miss Ijyb.
Ijyb is almost dead.
Ijyb barely misses you.
You hit Ijyb but do no damage.
Ijyb is almost dead.
Ijyb hits you but does no damage.
You hit Ijyb but do no damage.
Ijyb is almost dead.
Ijyb hits you but does no damage.
You hit Ijyb but do no damage.
Ijyb is almost dead.
Ijyb hits you but does no damage.
You barely miss Ijyb.
Ijyb is almost dead.
Ijyb barely misses you.
You hit Ijyb.
Ijyb is almost dead.
Ijyb zaps a wand.
The bolt of acid misses you.
Casting: Necrotise (safe; 2% risk of failure)
Confirm with . or Enter, or press ? or * to list all spells.
Aiming: Necrotise (safe; 2% risk of failure)
Press: ? - help, Shift-Dir - straight line, f/p - Ijyb
Aim: Ijyb, wielding a +0 dagger, wearing a +0 scale mail and carrying a wand of acid (5) (almost dead, chance to affect: 85%) Ijyb barely resists.
Ijyb hits you with a +0 dagger.
* * * LOW HITPOINT WARNING * * *
You hit Ijyb but do no damage.
Ijyb is almost dead.
Ijyb hits you but does no damage.
You hit Ijyb but do no damage.
Ijyb is almost dead.
Ijyb closely misses you.
You hit Ijyb but do no damage.
Ijyb is almost dead.
You are no longer corroded.
Ijyb zaps a wand.
The bolt of acid hits you!
You die...

#....# ####.# #.# #.#
#.# # #.# . #.
#.######....
#.|#######...)).)....
#.rg@................
#..####.#..#####.....
#. #.#..# .... ..
..#..# .$. .. ##.#..#
#. #. #.#..# # #.#..#
#.#..#


You could see Ijyb and a rat.

Vanquished Creatures
  3 gnolls (D:2)
  An adder (D:2)
  2 worms (D:2)
  3 orcs (D:3)
  3 bats (D:1)
  5 endoplasms
  A giant cockroach (D:1)
  5 goblins
  6 hobgoblins
  A jackal (D:1)
  4 quokkas
  7 ball pythons
  2 frilled lizards (D:1)
  A kobold (D:2)
  5 rats
49 creatures vanquished.

Vanquished Creatures (collateral kills)
  A gnoll (D:2)
  A dart slug (D:1)
  A jackal (D:1)
  A ball python (D:1)
  A rat (D:1)
5 creatures vanquished.

Grand Total: 54 creatures vanquished

Notes
Turn   | Place    | Note
-------+----------+-------------------------------------------
     0 | D:1      | SacredBeard the Demonspawn Necromancer began the quest for
                  | the Orb.
     0 | D:1      | Reached XP level 1. HP: 13/13 MP: 3/3
    98 | D:1      | Found Kaplutec's Antique Weapon Boutique.
   121 | D:1      | You fall into a shaft and drop 1 floor!
   288 | D:1      | Gained mutation: You are partially covered in yellow
                  | scales. (AC +2) [demonic ancestry]
   288 | D:1      | Reached XP level 2. HP: 20/20 MP: 3/5
   336 | D:1      | Found Coacs's Jewellery Shop.
   381 | D:1      | Found Fid Tuc's Jewellery Shoppe.
   867 | D:1      | Reached XP level 3. HP: 25/25 MP: 1/6
  1097 | D:2      | Reached skill level 1 in Armour
  1214 | D:2      | Reached skill level 1 in Fighting
  1253 | D:2      | Found Ginonana's Distillery.
  1291 | D:2      | Bought a potion of curing for 30 gold pieces
  1291 | D:2      | Bought a potion of curing for 30 gold pieces
  1291 | D:2      | Bought a potion of curing for 30 gold pieces
  1678 | D:2      | Found Ufuorch's Weapon Boutique.
  1683 | D:2      | Reached skill level 5 in Necromancy
  1693 | D:2      | Gained mutation: You regenerate a little health from kills.
                  | [demonic ancestry]
  1693 | D:2      | Reached XP level 4. HP: 21/32 MP: 4/7
  1965 | D:2      | Found Foastojan's Antique Armour Shoppe.
  2393 | D:3      | Noticed Ijyb
  2417 | D:3      | Killed from afar by Ijyb

Illustrated notes

Levels and vault maps discovered:
D:1:      dpeg_arrival_snail, layout_rooms, serial_shops, shop,
          nicolae_shop_waterfront, shop
D:2:      layout_loops_corners, serial_shops, nicolae_shop_bloodbath_and_beyond,
          shop, shop
D:3:      layout_loops_ring, nemelex_spade_bored_becter, lemuel_crystal_altar,
          uniq_ijyb

Skill      XL: |  1  2  3 |
---------------+----------+-----
Stealth        | 2 |  2.6
Dodging        | 2 |  2.0
Armour         | 1 |  1.5
Fighting       | 1 |  1.5
Necromancy     | 5 |  5.4
Spellcasting   | |  2.0
Evocations     | |  0.1

Action                     |  1- 3 |  4- 6 || total
---------------------------+-------+-------++-------
  Melee: Unarmed           |     8 |       ||     8
         Spear             |    12 |     3 ||    15
         Dagger            |       |    15 ||    15
  Throw: Stone             |       |     6 ||     6
   Cast: Necrotise         |    78 |    36 ||   114
    Use: Potion            |     2 |       ||     2
   Stab: Distracted        |     1 |       ||     1
 Armour: Robe              |     1 |       ||     1
         Leather armour    |     6 |    11 ||    17
  Dodge: Dodged            |    30 |    11 ||    41
